 Dungeon Crawl Stone Soup version 0.29.0-13-gc9e81de378 (webtiles) character file.

Game seed: 14235398913724071431

14 Ofeo the Firebug (level 2, -13/20 HPs)
             Began as a Meteoran Fire Elementalist on Sept 9, 2022.
             Mangled by a centaur warrior (14 damage)
             ... on level 7 of the Dungeon.
             The game lasted 00:01:23 (150 turns).

Ofeo the Firebug (Meteoran Fire Elementalist)        Turns: 150, Time: 00:01:24

Health: -13/20     AC:  2    Str:  9    XL:     2   Next: 82%
Magic:  4/6        EV: 12    Int: 16    God:
Gold:   6          SH:  0    Dex: 14    Spells: 3/6 levels left

rFire   . . .      SeeInvis .   (no weapon)
rCold   . . .      Faith    .   (no shield)
rNeg    . . .      Spirit   .   a - +0 robe
rPois   .          Reflect  .   (no helmet)
rElec   .          Harm     .   d - scarf {repulsion}
rCorr   .          Rampage  .   (no gloves)
Will    .....                   (no boots)
Stlth   +.........              (no amulet)
HPRegen 0.06/turn               (no ring)
MPRegen 0.10/turn               (no ring)

@: attractive, glowing, repel missiles
A: sense surroundings 1, otherworldly, glowing, explore regen
a: no special abilities


You were on level 7 of the Dungeon.
You visited 1 branch of the dungeon, and saw 5 of its levels.

You collected 6 gold pieces.

Inventory:

Armour
 a - a +0 robe (worn)
 d - a scarf of repulsion (worn)
Potions
 b - a potion of magic


   Skills:
 + Level 2.7 Dodging
 + Level 1.6 Stealth
 + Level 2.9 Spellcasting
 + Level 1.6 Conjurations
 + Level 3.8 Fire Magic


You had 3 spell levels left.
You knew the following spells:

 Your Spells              Type           Power      Damage    Failure   Level
a - Foxfire               Conj/Fire      44%        2x1d6     6%          1
b - Scorch                Fire           28%        2d6       6%          2

Your spell library contained the following spells:

 Spells                   Type           Power      Damage    Failure   Level
 Conjure Flame            Conj/Fire      11%        6-21      19%         3
 Inner Flame              Hex/Fire       8%         N/A       26%         3
 Flame Wave               Conj/Fire      11%        2d6       52%         4


Dungeon Overview and Level Annotations

Branches:
Dungeon (4/15) Zot: 2849
 Temple: D:4-7

Altars:
Qazlal


Innate Abilities, Weirdness & Mutations

You passively map a small area around you.
You are easily found by Zot.
You glow in the dark.
You regain HP and MP as you explore.


Message History

You regained 2 hp, and now have 17/20 hp.
A hobgoblin comes into view.
The hobgoblin shouts!
You hear a shout!
An adder comes into view.
Health restored: 20 A sourceless malevolence fills the Dungeon...
You fall into a shaft and drop 3 floors!
The shaft crumbles and collapses.
Found an escape hatch in the floor.
Found a stormy altar of Qazlal.
A centaur warrior comes into view.
The centaur warrior shouts!
The centaur warrior wields a +0 longbow.
The centaur warrior shoots an arrow.
The arrow misses you.
The centaur warrior shoots an arrow.
The arrow hits you!!
Ouch! That really hurt!
* * * LOW HITPOINT WARNING * * *
The centaur warrior shoots an arrow.
The arrow barely misses you.
You take 19 damage, and have 1/20 hp.
MASSIVE DAMAGE!!
You aren't carrying any scrolls.
It was a potion of attraction.
You feel attractive to monsters.
The centaur warrior is attracted toward you.
Casting: Foxfire (safe; 6% risk of failure)
Confirm with . or Enter, or press ? or * to list all spells.
Okay, then.
Casting: Foxfire (safe; 6% risk of failure)
Confirm with . or Enter, or press ? or * to list all spells.
Okay, then.
You aren't carrying any items that you can evoke.
Casting: Foxfire (safe; 6% risk of failure)
Confirm with . or Enter, or press ? or * to list all spells.
Flames lash the centaur warrior.
The centaur warrior is lightly wounded.
The centaur warrior's fire resistance burns away.
The centaur warrior unwields a +0 longbow.
The centaur warrior hits you!
Ouch! That really hurt!
You die...

* * , , , * #.# * , , ,
* ##... , ,...# * ,## ,
* #..# ,..., #..# ...#
, * # #..###...## , , ,
#. #.#......# * ,, .##
#.@c..ยง... , * ..#*
#.#..#.... * , , *
..###.#.##* . , ,,
..##.#..* , , , ,,
#.##.##.. , , * **
#######.#..#####.# *
####................. ,
##...................#
##..#..........###.....
,,


You could see a centaur warrior (combustible).

Vanquished Creatures
  An adder (D:2)
  An orc (D:3)
  3 goblins
5 creatures vanquished.

Vanquished Creatures (others)
  11 foxfires
11 creatures vanquished.

Grand Total: 16 creatures vanquished

Notes
Turn   | Place    | Note
-------+----------+-------------------------------------------
     0 | D:1      | Ofeo the Meteoran Fire Elementalist began the quest for the
                  | Orb.
     0 | D:1      | Reached XP level 1. HP: 14/14 MP: 5/5
    33 | D:2      | Reached XP level 2. HP: 20/20 MP: 4/6
    46 | D:3      | Learned a level 2 spell: Scorch
   121 | D:4      | You fall into a shaft and drop 3 floors!
   125 | D:7      | Found a stormy altar of Qazlal.
   147 | D:7      | Noticed a centaur warrior
   148 | D:7      | HP: 1/20 [centaur warrior/arrow (19)]
   150 | D:7      | Mangled by a centaur warrior

Illustrated notes

Levels and vault maps discovered:
D:1:      dpeg_arrival_leaves_temple_mockup, layout_loops_ring,
          bh_walls_and_bars
D:2:      layout_basic, shapermc_ecumenical_altar_mp_vishouse, uniq_natasha,
          uniq_robin
D:3:      minmay_spotlight, layout_basic, mainiacjoe_overflow_paths,
          serial_park_tiny_1
D:4:      layout_rooms, uniq_eustachio
D:7:      minmay_the_grid_plus [minmay_the_grid_dragon_b,
          minmay_the_grid_dragon_a, minmay_the_grid_empty,
          minmay_the_grid_eight, minmay_the_grid_prize_four_corners],
          layout_basic, nicolae_qazlal_general_emergency, wad_rectangle_vault,
          uniq_menkaure

Action                   || total
-------------------------++-------
Melee: Unarmed           ||     1
 Cast: Foxfire           ||     6
       Scorch            ||     1
  Use: Scroll            ||     2
       Potion            ||     1
Armor: Robe              ||     1
Dodge: Dodged            ||     4
